 Dungeon Crawl Stone Soup version 0.24-a0-422-g9eff3895ba (webtiles) character file.

Game seed: 12142706209179841356

692694 theanonym the Executioner (level 27, -1/189 HPs)
             Began as a Deep Dwarf Berserker on June 12, 2019.
             Was the Champion of Makhleb.
             Killed from afar by an acid blob (21 damage)
             ... with an exploding inner flame
             ... hexed by the player character
             ... on level 5 of the Pits of Slime.
             The game lasted 02:41:46 (63708 turns).

theanonym the Executioner (Deep Dwarf Berserker)   Turns: 63708, Time: 02:41:47

Health: -1/189     AC: 18    Str: 29    XL:     27
Magic:  0/10       EV: 19    Int: 12    God:    Makhleb [******]
Gold:   6206       SH:  5    Dex: 15    Spells: 30/63 levels left

rFire    + . .     SeeInvis .   a - +7 executioner's axe (elec)
rCold    + + .     Gourm    .   (shield currently unavailable)
rNeg     + + +     Faith    .   u - +5 gold dragon scales
rPois    +         Spirit   +   i - +2 hat of the Bear Spirit {Spirit, +Rage rN+ MR++}
rElec    +         Reflect  +   d - +1 cloak "Kuihuyto" {rPois rF- rN++ Str+2}
rCorr    +         Harm     .   s - +1 pair of gloves {Dex+3}
MR       +++++                  J - +2 pair of boots
Stlth    ..........             o - +5 amulet of reflection
HPRegen  0.00/turn              M - ring of Ruozom {MR+ rCorr}
MPRegen  0.12/turn              g - ring "Ylujoh" {rC+ EV+4 Int+3}

@: corroded, non-regenerating
A: damage resistance, heal wounds, blurry vision 1, deformed body, dopey 2, fire
resistance 1, frail 3, negative energy resistance 1, sense surroundings 3,
electricity resistance, weak 1, no regeneration
}: 4/15 runes: barnacled, silver, abyssal, gossamer
a: Heal Wounds, Minor Destruction, Lesser Servant of Makhleb, Major Destruction,
Greater Servant of Makhleb, Renounce Religion, Evoke Berserk Rage


Innate Abilities, Weirdness & Mutations

You are resistant to damage.
You can heal yourself by infusing magical energy.
You resist negative energy. (rN+)
You passively map a large area around you.
You do not regenerate.
Scrolls take you a little longer to read.
Armour fits poorly on your strangely shaped body.
You are very dopey. (Int -4)
Your flesh is heat resistant. (rF+)
You are extremely frail. (-30% HP)
You are resistant to electric shocks. (rElec)
You are weak. (Str -2)


   Skills:
 - Level 20.4 Fighting
 - Level 26.0 Axes
 - Level 21.9 Armour
 - Level 15.4 Dodging
 + Level 18.6 Spellcasting
 - Level 15.0 Necromancy
 - Level 2.8 Translocations
 - Level 12.9 Transmutations
 - Level 20.0 Evocations


You had 30 spell levels left.
You knew the following spells:

 Your Spells              Type           Power        Failure   Level  Hunger
a - Spectral Weapon       Hex/Chrm       ##......     78%         3    None
c - Song of Slaying       Chrm           ##......     54%         2    None
e - Lesser Beckoning      Tloc           ###.......   38%         3    None
i - Passage of Golubria   Tloc           N/A          80%         4    ##.....
k - Necromutation         Tmut/Necr      #####.....   100%        8    #######
l - Blink                 Tloc           N/A          21%         2    None
t - Deflect Missiles      Chrm/Air       ##........   100%        6    ######.
x - Aura of Abjuration    Summ           ##........   100%        5    ####...

Your spell library contained the following spells:

 Spells                   Type           Power        Failure   Level  Hunger
 Animate Skeleton         Necr           N/A          1%          1    None
 Sublimation of Blood     Necr           #####.....   1%          2    None
 Animate Dead             Necr           N/A          1%          4    ##.....
 Death Channel            Necr           #####.....   14%         6    ######.
 Ignite Poison            Fire/Tmut/Pois ###.....     22%         3    None
 Ice Form                 Ice/Tmut       ####....     30%         4    ##.....
 Petrify                  Tmut/Erth      ####....     30%         4    ##.....
 Hydra Form               Tmut           #####.....   32%         6    ######.
 Shroud of Golubria       Chrm/Tloc      ##....       36%         2    None
 Gell's Gravitas          Tloc           ###.......   38%         3    None
 Teleport Other           Tloc           ###.....     38%         3    None
 Confusing Touch          Hex            ##....       41%         1    None
 Corona                   Hex            ##.....      41%         1    None
 Flame Tongue             Conj/Fire      ##...        41%         1    None
 Freeze                   Ice            ##..         41%         1    None
 Infusion                 Chrm           ##..         41%         1    None
 Magic Dart               Conj           ##..         41%         1    None
 Shock                    Conj/Air       ##..         41%         1    None
 Summon Small Mammal      Summ           ##..         41%         1    None
 Borgnjor's Vile Clutch   Necr/Erth      ####......   50%         5    ####...
 Call Imp                 Summ           ##......     54%         2    None
 Ensorcelled Hibernation  Hex/Ice        ##....       54%         2    None
 Searing Ray              Conj           ##....       54%         2    None
 Slow                     Hex            ##......     54%         2    None
 Swiftness                Chrm/Air       ##......     54%         2    None
 Throw Flame              Conj/Fire      ##....       54%         2    None
 Throw Frost              Conj/Ice       ##....       54%         2    None
 Portal Projectile        Hex/Tloc       ##....       58%         3    None
 Recall                   Summ/Tloc      N/A          58%         3    None
 Irradiate                Conj/Tmut      ####......   65%         5    ####...
 Yara's Violent Unravell  Hex/Tmut       ####......   65%         5    ####...
 Call Canine Familiar     Summ           ##......     78%         3    None
 Confuse                  Hex            ##......     78%         3    None
 Conjure Flame            Conj/Fire      ##......     78%         3    None
 Dazzling Spray           Conj/Hex       ##....       78%         3    None
 Inner Flame              Hex/Fire       ##......     78%         3    None
 Mephitic Cloud           Conj/Pois/Air  ##......     78%         3    None
 Ozocubu's Armour         Chrm/Ice       ##......     78%         3    None
 Static Discharge         Conj/Air       ##......     78%         3    None
 Summon Guardian Golem    Hex/Summ       ##......     78%         3    None
 Tukima's Dance           Hex            ##......     78%         3    None
 Dragon Form              Tmut           #####.....   88%         7    #######
 Force Lance              Conj/Tloc      ##......     94%         4    ##.....
 Simulacrum               Ice/Necr       ####......   97%         6    ######.
 Airstrike                Air            ##........   99%         4    ##.....
 Cause Fear               Hex            ##........   99%         4    ##.....
 Fulminant Prism          Conj/Hex       ##........   99%         4    ##.....
 Iskenderun's Mystic Bla  Conj           ##......     99%         4    ##.....
 Leda's Liquefaction      Hex/Erth       ##........   99%         4    ##.....
 Sticky Flame             Conj/Fire      ##......     99%         4    ##.....
 Summon Ice Beast         Ice/Summ       ##......     99%         4    ##.....
 Summon Lightning Spire   Summ/Air       ##......     99%         4    ##.....
 Throw Icicle             Conj/Ice       ##......     99%         4    ##.....
 Statue Form              Tmut/Erth      ####.....    99%         6    ######.
 Borgnjor's Revivificati  Necr           #####.....   99%         8    #######
 Infestation              Necr           #####.....   99%         8    #######
 Fireball                 Conj/Fire      ##........   100%        5    ####...
 Lightning Bolt           Conj/Air       ##........   100%        5    ####...
 Metabolic Englaciation   Hex/Ice        ##........   100%        5    ####...
 Silence                  Hex/Air        ##........   100%        5    ####...
 Summon Demon             Summ           ##........   100%        5    ####...
 Summon Forest            Summ/Tloc      ##........   100%        5    ####...
 Summon Mana Viper        Hex/Summ       ##......     100%        5    ####...
 Bolt of Cold             Conj/Ice       ##........   100%        6    ######.
 Bolt of Fire             Conj/Fire      ##........   100%        6    ######.
 Conjure Ball Lightning   Conj/Air       ##........   100%        6    ######.
 Darkness                 Hex            ##........   100%        6    ######.
 Dispersal                Tloc           ###.......   100%        6    ######.
 Shadow Creatures         Summ           N/A          100%        6    ######.
 Haunt                    Necr/Summ      ####......   100%        7    #######
 Ring of Flames           Chrm/Fire      ##........   100%        7    #######
 Summon Hydra             Summ           ##........   100%        7    #######
 Controlled Blink         Tloc           N/A          100%        8    #######
 Death's Door             Chrm/Necr      ####......   100%        8    #######
 Discord                  Hex            ##........   100%        8    #######
 Disjunction              Tloc           ###.......   100%        8    #######
 Ignition                 Fire           ##........   100%        8    #######
 Shatter                  Erth           ##........   100%        9    #######
 Tornado                  Air            ##........   100%        9    #######
 Regeneration             Chrm/Necr      Unusable     N/A         3    N/A

Skill      XL: |  1  2  3  4  5  6  7  8  9 10 11 12 13 14 15 16 17 18 19 20 21 22 23 24 25 26 27 |
---------------+----------------------------------------------------------------------------------+-----
Axes           | 4 5 6 7 8 10 12 13 15 16 18 19 20 21 22 23 24 25 26 | 26.0
Armour         | 3 5 7 9 11 12 13 14 15 17 18 19 20 21 | 21.9
Fighting       | 5 7 8 10 11 12 14 15 16 17 18 19 20 | 20.4
Evocations     | 4 8 10 12 14 15 17 19 20 | 20.0
Dodging        | 3 5 6 12 15 | 15.4
Necromancy     | 2 8 10 13 15 | 15.0
Transmutations | 2 6 9 11 12 | 12.9
Spellcasting   | 1 6 8 10 12 18 | 18.6
Translocations | 2 |  2.8

Action                   |  1- 3 |  4- 6 |  7- 9 | 10-12 | 13-15 | 16-18 | 19-21 | 22-24 | 25-27 || total
-------------------------+-------+-------+-------+-------+-------+-------+-------+-------+-------++-------
Melee: Hand axe          |   126 |   179 |   239 |       |       |       |       |       |       ||   544
       War axe           |       |       |   165 |   221 |       |       |       |       |       ||   386
       Battleaxe         |       |       |       |   379 |   458 |       |       |       |       ||   837
       Executioner's axe |       |       |       |       |   705 |  1202 |  1202 |  1309 |  1881 ||  6299
Throw: Throwing net      |     1 |     1 |       |       |     1 |     3 |       |       |       ||     6
       Javelin           |       |       |       |       |     2 |       |       |       |       ||     2
Invok: Berserk           |       |     3 |     8 |    13 |    36 |    30 |     8 |       |       ||    98
       Trog's Hand       |       |     2 |     1 |     7 |    34 |    62 |    17 |       |       ||   123
       Brothers in Arms  |       |       |       |       |     1 |       |       |       |       ||     1
 Abil: Heal Wounds       |     2 |     3 |     5 |    19 |    41 |    29 |    23 |     9 |       ||   131
Evoke: Wand              |       |     7 |       |     9 |    14 |    43 |    83 |    27 |     3 ||   186
       Lamp of fire      |       |       |       |       |       |     2 |     1 |     3 |     5 ||    11
       Sack of spiders   |       |       |       |       |       |     1 |     3 |       |       ||     4
       Box of beasts     |       |       |       |       |       |       |     5 |     1 |     1 ||     7
       Lightning rod     |       |       |       |       |       |       |       |     8 |       ||     8
       Fan of gales      |       |       |       |       |       |       |       |       |     2 ||     2
  Use: Scroll            |       |       |    10 |    12 |    19 |     9 |    17 |    13 |     3 ||    83
       Potion            |       |       |       |     3 |     2 |    12 |    18 |    10 |     3 ||    48
 Stab: Sleeping          |     2 |     2 |       |       |       |       |       |       |       ||     4
       Held in net/web   |     1 |       |       |       |       |     2 |       |       |       ||     3
       Petrified         |       |       |       |       |     4 |       |       |     2 |       ||     6
       Petrifying        |       |       |       |       |     2 |       |       |       |       ||     2
       Paralysed         |       |       |       |       |       |     5 |     1 |     1 |       ||     7
       Distracted        |       |       |       |       |       |       |     5 |       |     3 ||     8
       Confused          |       |       |       |       |       |       |       |       |     1 ||     1
  Eat: Chunk             |     1 |     7 |    16 |    21 |    50 |    39 |    16 |    14 |    17 ||   181
       Ration            |       |     1 |       |     4 |    12 |    14 |    11 |     4 |     7 ||    53
Armor: Animal skin       |    20 |     8 |       |       |       |       |       |       |       ||    28
       Leather armour    |       |    11 |       |       |       |       |       |       |       ||    11
       Ring mail         |       |     6 |    14 |       |       |       |       |       |       ||    20
       Plate armour      |       |       |   160 |   371 |  1044 |  1081 |   694 |   659 |       ||  4009
       Skin              |       |       |       |       |       |    22 |       |       |       ||    22
       Gold dragon scale |       |       |       |       |       |       |       |    44 |  1020 ||  1064
Dodge: Dodged            |    92 |   107 |    99 |   224 |   434 |   657 |   643 |  1199 |  1282 ||  4737
Block: Other             |       |       |    33 |   106 |   194 |   207 |   201 |   304 |   338 ||  1383
       Reflection        |       |       |     1 |     4 |    16 |     3 |    18 |    36 |     4 ||    82

Inventory:

Hand Weapons
 a - a +7 executioner's axe of electrocution (weapon)
 b - a +3 antimagic executioner's axe
 l - a +5 executioner's axe of holy wrath
Armour
 d - the +1 cloak "Kuihuyto" (worn) {rPois rF- rN++ Str+2}

   It affects your strength (+2).
   It makes you vulnerable to fire.
   It protects you from poison.
   It greatly protects you from negative energy.
 i - the +2 hat of the Bear Spirit (worn) {Spirit, +Rage rN+ MR++}

   It protects you from negative energy.
   It affects your resistance to hostile enchantments.
   It lets you go berserk.
 s - a +1 pair of gloves of dexterity (worn)
 u - +5 gold dragon scales (worn)
 J - a +2 pair of boots (worn)
Jewellery
 g - the ring "Ylujoh" (right hand) {rC+ EV+4 Int+3}

   [ring of evasion]

   It affects your evasion (+4).
   It affects your intelligence (+3).
   It protects you from cold.
 o - a +5 amulet of reflection (around neck)
 K - an uncursed ring of protection from fire
 M - the ring of Ruozom (left hand) {MR+ rCorr}

   [ring of resist corrosion]

   It affects your resistance to hostile enchantments.
   It provides partial protection from all sources of acid and corrosion.
 U - the ring of the Battered Curses {rElec Int+5 Dex+2}

   [ring of intelligence]

   It affects your intelligence (+5).
   It affects your dexterity (+2).
   It insulates you from electricity.
Wands
 c - a wand of clouds (20)
 v - a wand of acid (1)
 E - a wand of disintegration (48)
 F - a wand of enslavement (9)
 N - a wand of iceblast (9)
 V - a wand of paralysis (18)
Scrolls
 f - 6 scrolls of fog
 n - 29 scrolls of remove curse
 r - 21 scrolls of identify
 t - 15 scrolls of teleportation
 y - 7 scrolls of magic mapping
 B - 7 scrolls of blinking
 I - a scroll of immolation
 L - 7 scrolls of fear
 P - 2 scrolls of silence
 Q - 2 scrolls of summoning
Potions
 h - 3 potions of haste
 j - 2 potions of agility
 m - 3 potions of might
 p - 11 potions of lignification
 q - 4 potions of heal wounds
 w - 14 potions of curing
 x - 6 potions of flight
 A - 2 potions of resistance
 C - a potion of cancellation
 D - 12 potions of mutation
 G - 5 potions of invisibility
 O - 3 potions of berserk rage
 T - 4 potions of magic
 W - a potion of ambrosia
 Z - 10 potions of brilliance
Miscellaneous
 k - a lamp of fire
 z - 2 phantom mirrors
 H - a fan of gales
 S - a sack of spiders
 X - 2 boxes of beasts
 Y - a lightning rod (4/4)
Comestibles
 e - 48 rations


You were on level 5 of the Pits of Slime.
You worshipped Makhleb.
Makhleb was exalted by your worship.
You were completely stuffed.

You visited 11 branches of the dungeon, and saw 57 of its levels.
You visited the Abyss 2 times.
You also visited: Bailey.

You collected 9645 gold pieces.
You spent 3439 gold pieces at shops.

Dungeon Overview and Level Annotations

Branches:
Dungeon (15/15)            Temple (0/1) D:6            Lair (6/6) D:8
 Shoals (4/4) Lair:4       Spider (4/4) Lair:3        Slime (5/5) Lair:5
    Orc (2/2) D:9             Elf (3/3) Orc:2        Vaults (5/5) D:14
  Crypt (3/3) Vaults:2       Tomb (0/3) Crypt:3      Depths (5/5) D:15
    Zot (5/5) Depths:5

Altars:
Ashenzari
Dithmenos
Gozag
Hepliaklqana
Kikubaaqudgha
Makhleb
Nemelex Xobeh
Okawaru
Sif Muna
Uskayaw
Vehumet
Xom
Yredelemnul
Jiyva

Shops:
D:9 *%=   D:10 }   D:11 }   D:13 (%   Orc:2 [(**:   Elf:3 :   Shoals:3 [:
Vaults:4 [   Depths:3 =}=   Depths:4 *   Depths:5 *

Portals:
Hell: Depths:1 Depths:2 Depths:3 Depths:4 Depths:5
Abyss: Depths:4
Pandemonium: Depths:3
Ziggurat: Depths:3

Annotations:
Lair:2 exclusion: oklob plant
Lair:4 exclusion: oklob plant
Spider:1 exclusion: 2 oklob plants
Depths:3 exclusions: 2 angels and 2 more exclusions
Depths:5 3 runed translucent doors, Aladinah's ghost, adept GnTm
Zot:5 1 exclusion
Abyss:1 Urug

, ,,
................ ,
,
,................
,, ,
................,
,, ,
................,
,, , ,
................ ,
, ,, ,
...#####.####... ,
, ..#* #§.# #.., ,
, .# , #§## ,,##,
, , ,
#=)$##@J##(|$## ,,
#))()§§§§§§[=|(# ,
,
*#[)=%§§J§§§§}??#
, ,
##$$.§§§§§§§)?##*
,, ,
##...§G§§§§.## ,
#....§§§§....# , ,
................ ,
,
###..........###*,
, , ,
*(/.)....[./[ , ,


You could see 2 acid blobs and a shining eye (inner flame).

Notes
Turn   | Place    | Note
-------+----------+-------------------------------------------
     0 | D:1      | theanonym the Deep Dwarf Berserker began the quest for the
                  | Orb.
     0 | D:1      | Reached XP level 1. HP: 20/20 MP: 1/1
   263 | D:1      | Reached skill level 4 in Axes
   263 | D:1      | Reached XP level 2. HP: 16/27 MP: 2/2
   620 | D:1      | HP: 11/27 [kobold/+4 short sword (5)]
  1084 | D:2      | HP: 10/27 [adder (1)]
  1087 | D:2      | Reached XP level 3. HP: 11/33 MP: 3/3
  1113 | D:2      | HP: 7/33 [leopard gecko (4)]
  1207 | D:2      | Reached skill level 5 in Axes
  1302 | D:2      | HP: 15/33 [adder (2)]
  1314 | D:2      | HP: 14/33 [adder (1)]
  1316 | D:2      | Reached ** piety under Trog
  1320 | D:2      | HP: 9/33 [adder (3)]
  1327 | D:2      | Reached XP level 4. HP: 34/40 MP: 3/3
  1484 | D:2      | Found a hide-covered altar of Uskayaw.
  1488 | D:2      | Noticed a +0 dagger
  1488 | D:2      | Noticed a +0 dagger
  1892 | D:3      | HP: 20/40 [hobgoblin/+0 club (2)]
  1899 | D:3      | Reached skill level 6 in Axes
  1956 | D:3      | HP: 14/40 [orc/+0 hand axe (6)]
  2022 | D:3      | HP: 12/40 [dart slug/slug dart (2)]
  2260 | D:3      | Reached XP level 5. HP: 34/46 MP: 4/4
  2470 | D:4      | Noticed an ogre
  2477 | D:4      | HP: 12/69 [ogre/+0 giant club (25)]
  2478 | D:4      | Killed an ogre
  2478 | D:4      | Reached skill level 7 in Axes
  2544 | D:4      | Noticed an ogre
  2550 | D:4      | Killed an ogre
  2550 | D:4      | Reached XP level 6. HP: 55/55 MP: 5/5
  2690 | D:4      | Noticed Ijyb
  2722 | D:4      | Killed Ijyb
  2838 | D:4      | Noticed Edmund
  2852 | D:4      | HP: 21/55 [Edmund/+3 flail of draining (7)]
  2858 | D:4      | HP: 13/82 [Edmund/+3 flail of draining (8)]
  2861 | D:4      | Killed Edmund
  2861 | D:4      | Reached skill level 8 in Axes
  2967 | D:4      | Reached XP level 7. HP: 49/61 MP: 6/6
  3291 | D:4      | Reached skill level 9 in Axes
  3416 | D:5      | Entered Level 5 of the Dungeon
  3430 | D:5      | HP: 29/61 [bullfrog zombie (3)]
  3441 | D:5      | HP: 27/61 [hound skeleton (1)]
  3513 | D:5      | HP: 25/61 [howler monkey (1)]
  3546 | D:5      | HP: 23/61 [adder (2)]
  3633 | D:5      | HP: 20/61 [bullfrog skeleton (3)]
  3790 | D:5      | HP: 19/61 [adder (1)]
  3883 | D:5      | Found a burning altar of Makhleb.
  3971 | D:5      | Found an ancient bone altar of Kikubaaqudgha.
  3971 | D:5      | Found a shadowy altar of Dithmenos.
  4233 | D:6      | Reached *** piety under Trog
  4263 | D:6      | Reached skill level 10 in Axes
  4403 | D:6      | HP: 27/61 [iguana (6)]
  4408 | D:6      | HP: 18/61 [iguana (4)]
  4515 | D:6      | HP: 39/91 [ogre/+0 giant club (11)]
  4519 | D:6      | Reached skill level 3 in Armour
  4519 | D:6      | Reached XP level 8. HP: 35/68 MP: 7/7
  4526 | D:6      | HP: 32/102 [worker ant (3)]
  4706 | D:6      | HP: 51/102 [something (1)]
  4764 | D:6      | Reached skill level 4 in Armour
  4835 | D:6      | Reached skill level 11 in Axes
  5006 | D:6      | You fall into a shaft and drop 2 floors!
  5007 | D:8      | Noticed Erica
  5016 | D:8      | Killed Erica
  5016 | D:8      | Reached skill level 12 in Axes
  5016 | D:8      | Reached skill level 5 in Armour
  5016 | D:8      | Gained mutation: You passively map the area around you.
                  | [Deep Dwarf growth]
  5016 | D:8      | Reached XP level 9. HP: 74/74 MP: 7/7
  5044 | D:8      | Reached skill level 6 in Armour
  5054 | D:8      | Found a runed translucent door.
  5054 | D:8      | Noticed emperorscorpion's ghost (amateur DsBe)
  5080 | D:7      | Found a basalt altar of Yredelemnul.
  5087 | D:7      | Found a shimmering altar of Xom.
  5089 | D:7      | Found a shimmering altar of Xom.
  5103 | D:7      | Reached **** piety under Trog
  5133 | D:7      | Found a shimmering altar of Xom.
  5156 | D:7      | HP: 37/74 [orc warrior/+0 short sword (5)]
  5173 | D:7      | Found a shimmering altar of Xom.
  5173 | D:7      | Found a shimmering altar of Xom.
  5178 | D:7      | Found a shimmering altar of Xom.
  5178 | D:7      | Found a shimmering altar of Xom.
  5203 | D:7      | Found a shattered altar of Ashenzari.
  5204 | D:7      | Found a deep blue altar of Sif Muna.
  5205 | D:7      | Found a radiant altar of Vehumet.
  5310 | D:7      | Reached skill level 13 in Axes
  5328 | D:7      | Reached skill level 7 in Armour
  5490 | D:7      | Found a sparkling altar of Nemelex Xobeh.
  5541 | D:7      | Found an iron altar of Okawaru.
  5904 | D:6      | Found a staircase to the Ecumenical Temple.
  6015 | D:8      | Found a staircase to the Lair.
  6015 | D:8      | Noticed a death yak
  6015 | D:8      | Noticed a death yak
  6015 | D:8      | Noticed a death yak
  6016 | D:8      | HP: 31/74 [death yak (15)]
  6031 | D:7      | Killed a death yak
  6031 | D:7      | Reached XP level 10. HP: 51/81 MP: 8/8
  6032 | D:7      | HP: 44/121 [death yak (7)]
  6036 | D:7      | Killed a death yak
  6036 | D:7      | Reached skill level 14 in Axes
  6036 | D:7      | Reached skill level 8 in Armour
  6111 | D:8      | Noticed Maurice
  6134 | D:8      | Killed Maurice
  6155 | D:8      | HP: 30/81 [death yak (14)]
  6161 | D:7      | HP: 25/81 [death yak (8)]
  6162 | D:7      | HP: 9/81 [death yak (17)]
  6184 | D:7      | Killed a death yak
  6422 | D:7      | Reached skill level 9 in Armour
  6439 | D:8      | Reached skill level 15 in Axes
  6643 | D:8      | Reached ***** piety under Trog
  6699 | D:8      | Found a hazy altar of Hepliaklqana.
  6942 | D:9      | Found Oxidgh's Assorted Antiques.
  6985 | D:9      | Bought a glowing cloak for 120 gold pieces
  6985 | D:9      | Bought an encrusted wooden wand for 64 gold pieces
  6985 | D:9      | Bought a scroll of identify for 32 gold pieces
  6985 | D:9      | Bought a scroll of identify for 32 gold pieces
  7041 | D:9      | Found Juan's Food Shop.
  7254 | D:9      | Reached XP level 11. HP: 80/88 MP: 8/8
  7285 | D:9      | Reached skill level 3 in Fighting
  7370 | D:9      | Found a staircase to the Orcish Mines.
  7641 | D:9      | Found Vooq's Jewellery Emporium.
  7929 | D:9      | Identified a scroll of acquirement
  7974 | D:10     | Entered Level 10 of the Dungeon
  7986 | D:10     | Received a gift from Trog
  8381 | D:10     | Found Raozio's Gadget Boutique.
  8505 | D:10     | Reached skill level 10 in Armour
  8515 | D:10     | HP: 62/135 [queen bee (10)]
  8520 | D:10     | HP: 38/90 [killer bee (3)]
  8525 | D:10     | HP: 25/91 [killer bee (5)]
  8683 | Orc:1    | Entered Level 1 of the Orcish Mines
  8873 | Orc:1    | Reached skill level 16 in Axes
  9114 | Orc:2    | Entered Level 2 of the Orcish Mines
  9114 | Orc:2    | Noticed a two-headed ogre
  9114 | Orc:2    | Noticed a two-headed ogre
  9190 | Orc:1    | Reached skill level 4 in Fighting
  9773 | Orc:2    | Noticed an orc sorcerer
  9773 | Orc:2    | Noticed an ogre mage
  9778 | Orc:2    | Noticed an orc high priest
  9780 | Orc:2    | Killed a two-headed ogre
  9781 | Orc:2    | HP: 68/138 [orc warrior/+0 trident (2)]
  9785 | Orc:1    | HP: 21/92 [orc sorcerer/bolt of negative energy (3)]
  9788 | Orc:1    | Killed an orc sorcerer
  9833 | Orc:1    | Killed an ogre mage
  9857 | Orc:2    | Noticed an orc warlord
  9857 | Orc:2    | Noticed an orc knight
  9857 | Orc:2    | Noticed an orc knight
  9857 | Orc:2    | Noticed a two-headed ogre
  9859 | Orc:2    | Noticed an orc knight
  9862 | Orc:2    | Found Dorch's General Store.
  9862 | Orc:2    | Found a staircase to the Elven Halls.
  9866 | Orc:2    | Killed a two-headed ogre
  9869 | Orc:2    | Killed an orc knight
  9869 | Orc:2    | Reached skill level 5 in Fighting
  9871 | Orc:2    | Noticed a sun demon
  9872 | Orc:2    | Killed an orc knight
  9873 | Orc:2    | Noticed a sun demon
  9882 | Orc:2    | Banished an orc knight
  9886 | Orc:2    | HP: 67/144 [sun demon[an orc high priest] (7)]
  9891 | Orc:2    | Killed an orc high priest
  9891 | Orc:2    | Reached skill level 11 in Armour
  9891 | Orc:2    | Reached XP level 12. HP: 41/103 MP: 7/7
  9976 | Orc:1    | HP: 50/103 [orc warlord/+0 broad axe (12)]
  9986 | Orc:1    | HP: 40/103 [orc warlord/+0 broad axe (1)]
  9992 | Orc:1    | HP: 36/103 [orc warlord/+0 broad axe (4)]
  9993 | Orc:1    | Killed an orc warlord
  9993 | Orc:1    | Reached skill level 17 in Axes
  9995 | Orc:1    | Killed a two-headed ogre
 10116 | Orc:2    | Reached skill level 6 in Fighting
 10130 | Orc:2    | Noticed an orc high priest
 10142 | Orc:2    | Killed an orc high priest
 10154 | Orc:2    | HP: 48/105 [orc knight/+0 glaive (9)]
 10159 | Orc:1    | HP: 32/105 [orc/+0 club (1)]
 10265 | Orc:2    | Found Tutaz's Antique Armour Emporium.
 10291 | Orc:2    | Found Soimep's Antique Weapon Emporium.
 10304 | Orc:2    | Bought a pair of ichor-stained gloves for 199 gold pieces
 10304 | Orc:2    | Bought a pair of boots for 94 gold pieces
 10314 | Orc:2    | Identified the -6 pair of gloves of Tethreusch {rC+ Int+7
                  | Dex-4} (You bought it in a shop on level 2 of the Orcish
                  | Mines)
 10384 | Orc:2    | Noticed an orc high priest
 10395 | Orc:2    | Killed an orc high priest
 10395 | Orc:2    | Received a gift from Trog
 10411 | Orc:2    | Bought a potion of heal wounds for 60 gold pieces
 10460 | Orc:2    | Found Wefur's Book Shoppe.
 10520 | Orc:2    | Found Nywey's Assorted Antiques.
 10530 | Orc:2    | Bought a runed plate armour for 858 gold pieces
 10866 | Lair:1   | Entered Level 1 of the Lair of Beasts
 10951 | Lair:1   | HP: 78/159 [blink frog (5)]
 10966 | Lair:1   | HP: 42/106 [komodo dragon (10)]
 11030 | Lair:1   | Noticed a five-headed hydra
 11052 | Lair:1   | Killed a seven-headed hydra
 11052 | Lair:1   | Reached skill level 7 in Fighting
 11052 | Lair:1   | Reached skill level 18 in Axes
 11052 | Lair:1   | Reached skill level 12 in Armour
 11223 | Lair:1   | Noticed Urug
 11226 | Lair:1   | HP: 54/109 [Urug/+3 eveningstar of protection (16)]
 11233 | Lair:1   | Banished Urug
 11466 | Lair:1   | Reached XP level 13. HP: 93/115 MP: 5/5
 11472 | Lair:1   | Found the +8 whip "Snakebite" {curare, rPois}
 11536 | Lair:1   | Noticed Nergalle
 11572 | Lair:1   | Killed Nergalle
 13355 | Lair:3   | Found a hole to the Spider Nest.
 13541 | Lair:3   | Reached skill level 8 in Fighting
 13761 | Lair:3   | Found a runed translucent door.
 13761 | Lair:3   | Noticed Duod's ghost (journeyman MiBe)
 14518 | Lair:3   | Found a hole to the Spider Nest.
 14807 | Lair:4   | Reached skill level 1 in Evocations
 14847 | Lair:4   | Reached skill level 19 in Axes
 14969 | Lair:4   | Reached skill level 2 in Evocations
 15024 | Lair:4   | HP: 88/177 [eight-headed hydra (6)]
 15031 | Lair:4   | HP: 76/177 [nine-headed hydra (2)]
 15149 | Lair:4   | Found a staircase to the Shoals.
 15586 | Lair:5   | Reached skill level 13 in Armour
 15602 | Lair:5   | Reached skill level 3 in Evocations
 15710 | Lair:5   | Found a staircase to the Slime Pits.
 16374 | Lair:6   | Entered Level 6 of the Lair of Beasts
 16381 | Lair:6   | Reached skill level 4 in Evocations
 16456 | Lair:6   | Got a warped plate armour
 16489 | Lair:6   | HP: 47/118 [yak (27)]
 16500 | Lair:6   | Gained mutation: You resist negative energy. (rN+) [Deep
                  | Dwarf growth]
 16500 | Lair:6   | Reached XP level 14. HP: 75/127 MP: 4/4
 16737 | Lair:6   | Reached skill level 9 in Fighting
 16782 | Lair:6   | Reached skill level 5 in Evocations
 16810 | Lair:6   | HP: 62/129 [ten-headed hydra (8)]
 16916 | Lair:6   | HP: 55/129 [death yak (13)]
 16933 | Lair:6   | HP: 79/193 [manticore (3)]
 16954 | Lair:6   | HP: 62/129 [death yak (3)]
 16999 | Lair:6   | Reached skill level 6 in Evocations
 17013 | Lair:6   | Received a gift from Trog
 17020 | Lair:6   | HP: 33/129 [something (37)]
 17298 | Lair:6   | HP: 61/129 [blink frog (6)]
 17310 | Lair:6   | HP: 51/129 [catoblepas (6)]
 17315 | Lair:6   | HP: 41/129 [blink frog (8)]
 17320 | Lair:6   | HP: 29/129 [blink frog (9)]
 17465 | Lair:6   | Reached skill level 20 in Axes
 17693 | Lair:6   | Identified the +3 plate armour of the Ancient Lives {rF+
                  | Str+2} (You found it on level 6 of the Lair of Beasts)
 18461 | Lair:4   | HP: 63/129 [16-headed hydra (3)]
 18467 | Lair:4   | HP: 68/193 [20-headed hydra (5)]
 18573 | D:11     | Reached skill level 7 in Evocations
 18665 | D:11     | Noticed Josephine
 18678 | D:11     | Killed Josephine
 18817 | D:11     | Reached skill level 14 in Armour
 18983 | D:11     | Found a shattered altar of Ashenzari.
 18987 | D:11     | Saw a vision of the Shoals and the Spider Nest.
 19050 | D:11     | Found Leacir's Gadget Emporium.
 19152 | D:12     | Found a flagged portal.
 19168 | Bailey   | Entered a bailey
 19635 | D:12     | Found a runed translucent door.
 19643 | D:12     | Found a runed translucent door.
 19682 | D:12     | HP: 65/130 [slime creature (6)]
 19902 | D:12     | Reached skill level 8 in Evocations
 19904 | D:12     | Reached skill level 10 in Fighting
 19973 | D:12     | Noticed Nessos
 19985 | D:12     | Killed Nessos
 19985 | D:12     | Reached XP level 15. HP: 138/138 MP: 1/4
 20014 | D:12     | HP: 66/138 [yak (7)]
 20704 | D:13     | Found Oristrott's Antique Weapon Shop.
 20874 | D:13     | HP: 69/138 [centaur warrior/arrow (10)]
 20902 | D:13     | Found Ybotaeso's Food Boutique.
 21512 | D:14     | Found a gate to the Vaults.
 21514 | D:14     | HP: 53/138 [wizard/orb of energy (25)]
 21521 | D:14     | Reached skill level 9 in Evocations
 21544 | D:14     | HP: 60/139 [acid (12)]
 21550 | D:14     | HP: 56/139 [acid dragon (2)]
 21715 | D:14     | Noticed Louise
 21726 | D:14     | HP: 60/139 [Louise/bolt of lightning (20)]
 21731 | D:14     | Killed Louise
 21789 | D:14     | HP: 69/140 [something (4)]
 21791 | D:14     | HP: 26/140 [two-headed ogre/+0 giant club (19)]
 21796 | D:14     | HP: 40/140 [two-headed ogre/+0 giant club (9)]
 22425 | D:15     | Entered Level 15 of the Dungeon
 22432 | D:15     | Found an iron altar of Okawaru.
 22469 | D:15     | Reached skill level 21 in Axes
 22548 | D:15     | Received a gift from Trog
 23256 | D:15     | Received a gift from Trog
 23551 | D:15     | Reached skill level 10 in Evocations
 23587 | D:15     | Found a staircase to the Depths.
 23753 | D:8      | Killed emperorscorpion's ghost
 24064 | Lair:3   | Found a hole to the Spider Nest.
 24540 | Lair:3   | HP: 69/140 [Duod's ghost (17)]
 24546 | Lair:3   | HP: 74/210 [Duod's ghost (9)]
 24548 | Lair:3   | Killed Duod's ghost
 24767 | Spider:1 | Entered Level 1 of the Spider Nest
 24783 | Spider:1 | Noticed Aizul
 24801 | Spider:1 | Killed Aizul
 24840 | Spider:1 | Paralysed by a hornet for 3 turns
 24936 | Spider:1 | Reached skill level 15 in Armour
 24959 | Spider:1 | You fall into a shaft and drop 1 floor!
 24965 | Spider:2 | Reached skill level 11 in Fighting
 24967 | Spider:2 | Paralysed by a hornet for 2 turns
 24971 | Spider:2 | HP: 62/141 [hornet (9)]
 25003 | Spider:2 | Noticed Arachne
 25017 | Spider:2 | HP: 67/141 [Arachne/uncursed staff of poison (4)]
 25022 | Spider:2 | HP: 60/141 [poisoned by Arachne]
 25024 | Spider:2 | Killed Arachne
 25024 | Spider:2 | Reached skill level 3 in Dodging
 25024 | Spider:2 | Reached XP level 16. HP: 64/150 MP: 0/2
 25044 | Spider:2 | HP: 74/150 [spark wasp (15)]
 25051 | Spider:2 | HP: 53/225 [jumping spider (8)]
 25054 | Spider:2 | HP: 23/150 [wolf spider (12)]
 25061 | Spider:2 | HP: 74/150 [jumping spider (6)]
 25147 | Spider:2 | HP: 108/225 [jumping spider (10)]
 25184 | Spider:2 | HP: 32/150 [disintegration (38)]
 25192 | Spider:1 | HP: 38/150 [entropy weaver (1)]
 25211 | Spider:1 | HP: 111/225 [emperor scorpion (4)]
 25211 | Spider:1 | Reached skill level 4 in Dodging
 25216 | Spider:1 | HP: 104/225 [entropy weaver (4)]
 25228 | Spider:1 | HP: 67/150 [jumping spider (1)]
 25235 | Spider:1 | HP: 40/150 [tarantella (2)]
 25240 | Spider:1 | HP: 37/150 [jumping spider (1)]
 25378 | Spider:1 | Noticed Rupert
 25393 | Spider:1 | Killed Rupert
 25393 | Spider:1 | Reached skill level 11 in Evocations
 25540 | Spider:1 | HP: 74/151 [jumping spider (4)]
 25678 | Spider:1 | Noticed Donald
 25683 | Spider:1 | HP: 65/151 [tarantella (1)]
 25875 | Spider:1 | HP: 110/226 [Donald/+0 eveningstar (6)]
 25876 | Spider:1 | Killed Donald
 25876 | Spider:1 | Reached skill level 5 in Dodging
 26491 | Spider:2 | HP: 75/151 [entropy weaver (1)]
 27204 | Spider:2 | Got a translucent granite ring
 27219 | Spider:2 | Identified the ring of Uskayaw's Favour {+Fly MP+9} (You
                  | acquired it on level 2 of the Spider Nest)
 27820 | Spider:3 | Reached skill level 12 in Evocations
 28179 | Spider:3 | HP: 108/228 [wolf spider (10)]
 29191 | Orc:2    | Bought a manual of Fighting for 1766 gold pieces
 29487 | Spider:4 | Entered Level 4 of the Spider Nest
 29553 | Spider:4 | Reached skill level 12 in Fighting
 30024 | Spider:4 | Reached XP level 17. HP: 98/159 MP: 1/1
 30025 | Spider:4 | Reached skill level 16 in Armour
 30025 | Spider:4 | Reached skill level 22 in Axes
 30153 | Spider:4 | HP: 78/162 [redback (7)]
 30156 | Spider:4 | Reached skill level 13 in Evocations
 30217 | Spider:4 | Reached skill level 13 in Fighting
 30323 | Spider:4 | Got a gossamer rune of Zot
 31330 | Vaults:1 | Entered Level 1 of the Vaults
 31583 | Vaults:1 | HP: 82/164 [ogre mage/bolt of cold (14)]
 31599 | Vaults:1 | HP: 74/164 [great orb of eyes (5)]
 31641 | Vaults:1 | HP: 80/164 [orc knight/+0 great sword (14)]
 31947 | Vaults:1 | Reached skill level 14 in Evocations
 31966 | Vaults:1 | HP: 69/165 [cyan ugly thing (14)]
 31971 | Vaults:1 | HP: 61/165 [green ugly thing (2)]
 31977 | Vaults:1 | HP: 51/165 [green ugly thing (5)]
 32108 | Vaults:1 | HP: 67/165 [vault warden/+2 great sword of slicing (22)]
 32113 | Vaults:1 | HP: 47/247 [two-headed ogre/+0 giant club (12)]
 32117 | Vaults:1 | Reached skill level 14 in Fighting
 32118 | Vaults:1 | HP: 41/249 [two-headed ogre/+0 giant club (1)]
 32120 | Vaults:1 | Received a gift from Trog
 32130 | Vaults:1 | HP: 29/166 [centaur warrior/arrow (5)]
 32134 | Vaults:1 | Reached skill level 17 in Armour
 32387 | Vaults:1 | HP: 80/166 [hornet (10)]
 32391 | Vaults:1 | Gained mutation: You passively map a large area around you.
                  | [Deep Dwarf growth]
 32391 | Vaults:1 | Reached XP level 18. HP: 130/175 MP: 0/1
 32399 | Vaults:1 | HP: 90/262 [deep elf knight/stone arrow (45)]
 32545 | Vaults:1 | HP: 76/175 [acid (8)]
 33162 | Vaults:1 | Reached skill level 15 in Evocations
 33526 | Vaults:2 | HP: 129/265 [Executioner[an ironheart preserver] (10)]
 33531 | Vaults:2 | Noticed a Hell Sentinel
 33531 | Vaults:2 | Reached skill level 15 in Fighting
 33532 | Vaults:2 | HP: 104/267 [red devil/+0 trident[an ironheart preserver]
                  | (7)]
 33534 | Vaults:2 | Noticed an Ice Fiend
 33538 | Vaults:2 | HP: 82/267 [Ice Fiend[an ironheart preserver] (8)]
 33543 | Vaults:2 | HP: 22/178 [stone giant/large rock (10)]
 33551 | Vaults:2 | HP: 30/178 [stone giant (1)]
 33687 | Vaults:2 | HP: 89/178 [earth elemental[an ironheart preserver] (34)]
 33796 | Vaults:2 | Gained mutation: You are dopey. (Int -2) [potion of
                  | mutation]
 33796 | Vaults:2 | Gained mutation: You can translocate small distances at
                  | will. [potion of mutation]
 33796 | Vaults:2 | Gained mutation: You expend magic power (3 MP) to
                  | strengthen your wands. [potion of mutation]
 33797 | Vaults:2 | Lost mutation: You expend magic power (3 MP) to strengthen
                  | your wands. [potion of mutation]
 33797 | Vaults:2 | Lost mutation: You can translocate small distances at will.
                  | [potion of mutation]
 33797 | Vaults:2 | Gained mutation: You are resistant to electric shocks.
                  | (rElec) [potion of mutation]
 33797 | Vaults:2 | Gained mutation: Your flesh is heat resistant. (rF+)
                  | [potion of mutation]
 33797 | Vaults:2 | Lost mutation: You are dopey. (Int -2) [potion of mutation]
 33879 | Vaults:2 | Reached skill level 23 in Axes
 33881 | Vaults:2 | Received a gift from Trog
 33967 | Vaults:2 | HP: 80/178 [??? (45)]
 33975 | Vaults:2 | HP: 190/400 [jiangshi[a curse skull] (2)]
 33984 | Vaults:2 | HP: 158/400 [phantasmal warrior[a curse skull] (9)]
 33992 | Vaults:2 | HP: 128/400 [vault warden/+0 bardiche (20)]
 34000 | Vaults:2 | HP: 87/267 [yaktaur/bolt[a yaktaur captain] (1)]
 34006 | Vaults:2 | HP: 50/267 [yaktaur captain/bolt (15)]
 34008 | Vaults:2 | HP: 16/267 [yaktaur captain/bolt (25)]
 34292 | Vaults:2 | HP: 133/267 [death knight/+3 glaive of freezing (5)]
 34295 | Vaults:2 | HP: 55/267 [mirror damage (12)]
 34966 | Vaults:2 | Reached skill level 18 in Armour
 34966 | Vaults:2 | Reached XP level 19. HP: 120/188 MP: 1/1
 34978 | Vaults:2 | HP: 94/188 [stone giant (16)]
 34981 | Vaults:2 | Reached skill level 16 in Evocations
 35187 | Vaults:2 | Reached skill level 16 in Fighting
 35204 | Vaults:2 | Noticed Agnes
 35217 | Vaults:2 | HP: 92/188 [tengu reaver/+0 bardiche (13)]
 35218 | Vaults:2 | Killed Agnes
 35222 | Vaults:2 | HP: 71/188 [tengu reaver/+0 bardiche (4)]
 35228 | Vaults:2 | HP: 46/188 [something (11)]
 35258 | Vaults:2 | Noticed Mara
 35259 | Vaults:2 | Noticed theanonym's illusion
 35272 | Vaults:2 | Killed Mara
 35803 | Vaults:3 | Received a gift from Trog
 36744 | Vaults:4 | Reached skill level 17 in Evocations
 36770 | Vaults:4 | HP: 91/190 [deep troll[an ironheart preserver] (6)]
 36772 | Vaults:4 | HP: 32/190 [deep troll[an ironheart preserver] (16)]
 38220 | D:5      | Fell from the grace of Trog
 38220 | D:5      | Became a worshipper of Makhleb the Destroyer
 38750 | Vaults:4 | Found Vog Ziko's Armour Emporium.
 38757 | Vaults:4 | Bought a +1 pair of gloves of dexterity for 214 gold pieces
 39130 | Elf:1    | Entered Level 1 of the Elven Halls
 39294 | Elf:1    | HP: 89/190 [deep elf mage/bolt of fire (19)]
 39300 | Elf:1    | HP: 131/285 [reaper/+1 scythe of protection[a deep elf
                  | demonologist] (2)]
 39314 | Elf:1    | HP: 124/285 [deep elf mage/bolt of lightning (7)]
 39319 | Elf:1    | HP: 77/190 [burnt (1)]
 39324 | Elf:1    | Identified the Reference Book on Creation
 39386 | Elf:1    | HP: 90/190 [deep elf archer/+0 short sword of venom (6)]
 39393 | Elf:1    | HP: 77/190 [deep elf archer/arrow (13)]
 39499 | Elf:1    | HP: 71/190 [air elemental/tornado (4)]
 39504 | Elf:1    | HP: 32/190 [deep elf archer/arrow (7)]
 39808 | Elf:1    | HP: 21/190 [orc sorcerer/bolt of negative energy (11)]
 39898 | Elf:1    | Reached * piety under Makhleb
 39898 | Elf:1    | Reached XP level 20. HP: 31/200 MP: 1/1
 40007 | Elf:1    | Paralysed by Trog for 3 turns
 40125 | Elf:2    | HP: 96/200 [+2 halberd of protection (12)]
 40144 | Elf:2    | HP: 87/200 [deep elf knight/+0 short sword of speed (9)]
 40146 | Elf:2    | Reached skill level 17 in Fighting
 40224 | Elf:2    | HP: 100/201 [deep elf mage/shard of ice (3)]
 40255 | Elf:2    | HP: 90/201 [deep troll[the rage of Trog] (16)]
 40256 | Elf:2    | Found a huge runed translucent gate.
 40256 | Elf:2    | Found a huge runed translucent gate.
 40261 | Elf:2    | Reached skill level 24 in Axes
 40263 | Elf:2    | Found a huge runed translucent gate.
 40264 | Elf:2    | Found a huge runed translucent gate.
 40265 | Elf:2    | Found a huge runed translucent gate.
 40272 | Elf:2    | HP: 71/201 [+2 glaive of chopping (4)]
 40278 | Elf:2    | Reached skill level 18 in Evocations
 40331 | Elf:2    | HP: 65/201 [+2 war axe of distortion (17)]
 40338 | Elf:2    | HP: 82/301 [+2 executioner's axe of holy wrath (6)]
 40342 | Elf:2    | Gained mutation: You are dopey. (Int -2) [a neqoxec]
 40364 | Elf:2    | HP: 44/201 [+3 trident of protection (11)]
 40377 | Elf:2    | HP: 42/201 [+3 trident of protection (2)]
 40408 | Elf:2    | Reached ** piety under Makhleb
 40428 | Elf:2    | HP: 53/201 [deep elf blademaster/+0 rapier (6)]
 40450 | Elf:2    | HP: 53/201 [cloud of flame (8)]
 40551 | Elf:2    | HP: 60/201 [harpy (shapeshifter) (5)]
 41037 | Elf:2    | HP: 93/201 [stone giant/large rock[the rage of Trog] (13)]
 41093 | Elf:3    | Entered Level 3 of the Elven Halls
 41302 | Elf:3    | Reached *** piety under Makhleb
 41381 | Elf:3    | Found Poyjuus's Book Emporium.
 41662 | Elf:3    | Identified the +10 plate armour of the Camelopard {Slay+5
                  | SInv} (You found it on level 3 of the Elven Halls)
 41710 | Elf:3    | Reached skill level 19 in Armour
 41734 | Elf:3    | Reached skill level 19 in Evocations
 41737 | Elf:3    | Identified the +9 plate armour of Furghoom {rN+ Stlth+}
                  | (You found it on level 3 of the Elven Halls)
 41750 | Elf:3    | Got a clouded gossamer ring
 41751 | Elf:3    | Identified the cursed ring of Xezock {rPois rF- Str-2 Int+6
                  | Dex-3} (You found it on level 3 of the Elven Halls)
 41755 | Elf:3    | Identified Ulin's Collected Works on Dislocated Bewitchment
 41818 | Elf:3    | Got a heavily runed bronze ring
 41820 | Elf:3    | Got a clouded steel ring
 41821 | Elf:3    | Identified the ring of Okawaru's Reproof {+Fly Int+5 Dex+6
                  | Stlth-} (You found it on level 3 of the Elven Halls)
 41824 | Elf:3    | Identified the ring of the Battered Curses {rElec Int+5
                  | Dex+2} (You found it on level 3 of the Elven Halls)
 41850 | Elf:3    | Identified the ring "Ylujoh" {rC+ EV+4 Int+3} (You found it
                  | on level 3 of the Elven Halls)
 42323 | Crypt:1  | Entered Level 1 of the Crypt
 42324 | Crypt:1  | Noticed Nar Nywk's ghost (adept GrFi)
 42331 | Crypt:1  | Noticed an ancient lich
 42358 | Crypt:1  | Reached **** piety under Makhleb
 42367 | Crypt:1  | Found a runed translucent gate.
 42367 | Crypt:1  | Found a runed translucent gate.
 42367 | Crypt:1  | Found a runed translucent gate.
 42406 | Crypt:1  | Reached skill level 6 in Dodging
 42434 | Crypt:1  | Learned a level 2 spell: Blink
 42438 | Crypt:1  | Learned a level 3 spell: Lesser Beckoning
 42443 | Crypt:1  | Learned a level 4 spell: Passage of Golubria
 42560 | Crypt:1  | Reached XP level 21. HP: 211/211 MP: 2/2
 43016 | Crypt:1  | Killed an ancient lich
 43016 | Crypt:1  | Reached skill level 7 in Dodging
 43033 | Crypt:1  | Killed Nar Nywk's ghost
 43072 | Crypt:1  | Got a faintly glowing cloak
 43073 | Crypt:1  | Identified the +1 cloak "Kuihuyto" {rPois rF- rN++ Str+2}
                  | (You found it on level 1 of the Crypt)
 43224 | Crypt:2  | Reached skill level 8 in Dodging
 43327 | Crypt:2  | Reached ***** piety under Makhleb
 43474 | Crypt:2  | HP: 92/209 [two-headed ogre/cursed +0 giant club[the rage
                  | of Trog] (24)]
 43559 | Crypt:2  | HP: 86/204 [reaper/+5 scythe of freezing (29)]
 43566 | Crypt:2  | HP: 62/204 [jiangshi (7)]
 43569 | Crypt:2  | HP: 29/204 [jiangshi (15)]
 43576 | Crypt:2  | HP: 1/204 [reaper/+5 scythe of freezing (14)]
 43582 | Crypt:2  | Reached skill level 18 in Fighting
 43626 | Crypt:2  | Reached skill level 9 in Dodging
 43693 | Crypt:2  | HP: 98/212 [flayed ghost/flay_damage (34)]
 43963 | Crypt:3  | Entered Level 3 of the Crypt
 44101 | Crypt:3  | Reached skill level 10 in Dodging
 44234 | Crypt:3  | Reached skill level 20 in Evocations
 44265 | Crypt:3  | Reached skill level 25 in Axes
 44268 | Crypt:3  | Reached skill level 11 in Dodging
 44274 | Crypt:3  | Noticed Xtahua
 44281 | Crypt:3  | HP: 92/212 [flayed ghost/flay_damage (30)]
 44294 | Crypt:3  | HP: 100/212 [flayed ghost/flay_damage (32)]
 44295 | Crypt:3  | Killed Xtahua
 44679 | Crypt:3  | HP: 97/213 [stone giant[the rage of Trog] (20)]
 44872 | Crypt:3  | Found a staircase to the Tomb.
 44881 | Crypt:3  | Reached skill level 12 in Dodging
 44917 | Crypt:3  | HP: 97/213 [stone giant[the rage of Trog] (29)]
 44927 | Crypt:2  | HP: 85/213 [stone giant[the rage of Trog] (12)]
 45603 | Shoals:1 | Entered Level 1 of the Shoals
 45729 | Shoals:1 | HP: 88/213 [the fiery rage of Trog (32)]
 46006 | Shoals:1 | Reached ****** piety under Makhleb
 46027 | Shoals:1 | Reached XP level 22. HP: 159/222 MP: 2/2
 46286 | Shoals:2 | Noticed Polyphemus
 46592 | Shoals:2 | Noticed Ilsuiw
 46603 | Shoals:2 | Killed Ilsuiw
 46605 | Shoals:2 | Reached skill level 13 in Dodging
 46763 | Shoals:2 | Killed Polyphemus
 47130 | Shoals:3 | Found Oqinaz's Book Emporium.
 47131 | Shoals:3 | Found Lattivio's Antique Armour Emporium.
 47364 | Shoals:3 | HP: 107/220 [stone giant[the rage of Trog] (14)]
 47367 | Shoals:3 | HP: 21/220 [stone giant[the rage of Trog] (37)]
 47528 | Shoals:3 | HP: 103/223 [stone giant/large rock[the rage of Trog] (22)]
 47832 | Shoals:3 | Found a shattered altar of Ashenzari.
 47891 | Shoals:4 | Entered Level 4 of the Shoals
 48087 | Shoals:4 | Reached skill level 14 in Dodging
 48154 | Shoals:4 | Found the +2 hat of the Bear Spirit {Spirit, +Rage rN+
                  | MR++}
 48257 | Shoals:4 | Reached skill level 19 in Fighting
 48418 | Shoals:4 | Got a barnacled rune of Zot
 48477 | Shoals:4 | Was forgiven by Trog
 48550 | Shoals:4 | Got a brightly glowing wooden ring
 49013 | Depths:1 | Entered Level 1 of the Depths
 49453 | Depths:1 | Found a runed translucent door.
 49474 | Depths:1 | Reached skill level 15 in Dodging
 49487 | Depths:1 | HP: 99/224 [enormous slime creature (25)]
 49588 | Depths:1 | Identified the ring "Quamaurr" {*Tele rF+} (You found it on
                  | level 4 of the Shoals)
 49589 | Depths:1 | Identified the cursed +1 plate armour of the Peasants {+Inv
                  | MR+ Str+3 Int+3 Dex-5} (You found it on level 1 of the
                  | Depths)
 49600 | Depths:1 | Learned a level 8 spell: Necromutation
 49638 | Depths:1 | Found a gateway to Hell.
 49693 | Depths:1 | Reached skill level 1 in Necromancy
 49698 | Depths:1 | Reached skill level 1 in Transmutations
 49698 | Depths:1 | Reached skill level 1 in Spellcasting
 49703 | Depths:1 | Reached skill level 2 in Necromancy
 50289 | Depths:2 | Reached skill level 2 in Transmutations
 50297 | Depths:2 | Reached XP level 23. HP: 232/232 MP: 0/2
 50491 | Depths:2 | Reached skill level 2 in Spellcasting
 50554 | Depths:2 | Reached skill level 3 in Necromancy
 50557 | Depths:2 | Reached skill level 26 in Axes
 50572 | Depths:2 | Reached skill level 3 in Transmutations
 50577 | Depths:2 | HP: 114/232 [sphinx (5)]
 50583 | Depths:2 | HP: 109/232 [deep troll[a boggart] (7)]
 50586 | Depths:1 | Reached skill level 4 in Necromancy
 50694 | Depths:1 | Reached skill level 3 in Spellcasting
 50868 | Depths:2 | Found a radiant altar of Vehumet.
 50934 | Depths:2 | Reached skill level 4 in Transmutations
 51159 | Depths:2 | Noticed a juggernaut
 51169 | Depths:2 | Reached skill level 5 in Necromancy
 51178 | Depths:2 | Killed a juggernaut
 51178 | Depths:2 | Reached skill level 4 in Spellcasting
 51508 | Depths:3 | Reached skill level 6 in Necromancy
 51516 | Depths:3 | Reached skill level 5 in Transmutations
 51590 | Depths:3 | Found a gateway to a ziggurat.
 51745 | Depths:3 | Got a heavily runed ruby amulet
 51756 | Depths:3 | Reached skill level 5 in Spellcasting
 51763 | Depths:3 | Identified the amulet "Ucacsace" {+Rage rC- Str+6} (You
                  | found it on level 3 of the Depths)
 51856 | Depths:3 | Paralysed by a floating eye for 2 turns
 51881 | Depths:3 | Reached skill level 7 in Necromancy
 51883 | Depths:3 | Paralysed by a floating eye for 2 turns
 51950 | Depths:3 | Reached skill level 6 in Transmutations
 52031 | Depths:3 | Noticed a caustic shrike
 52048 | Depths:3 | Killed a caustic shrike
 52048 | Depths:3 | Reached skill level 20 in Fighting
 52320 | Depths:3 | Found a one-way gate leading to the halls of Pandemonium.
 52452 | Depths:3 | Found Epsauneso's Gadget Shop.
 52453 | Depths:3 | Found Loygrug's Jewellery Emporium.
 52453 | Depths:3 | Found Jutyrel's Jewellery Emporium.
 52753 | Depths:4 | Reached skill level 6 in Spellcasting
 52767 | Depths:4 | Reached skill level 8 in Necromancy
 52770 | Depths:4 | Reached XP level 24. HP: 224/244 MP: 0/2
 52796 | Depths:4 | Reached skill level 7 in Transmutations
 52855 | Depths:4 | You fall into a shaft and drop 1 floor!
 52855 | Depths:5 | Entered Level 5 of the Depths
 52859 | Depths:5 | Found a runed translucent gate.
 53014 | Depths:4 | Noticed Saint Roka
 53031 | Depths:4 | Killed Saint Roka
 53034 | Depths:4 | Noticed Boris
 53047 | Depths:4 | Killed Boris
 53153 | Depths:4 | Reached skill level 9 in Necromancy
 53245 | Depths:4 | Found a one-way gate to the infinite horrors of the Abyss.
 53488 | Depths:4 | Found Zomaukh's Serpentskin Sales.
 53521 | Depths:4 | Learned a level 3 spell: Spectral Weapon
 53524 | Depths:4 | Learned a level 2 spell: Song of Slaying
 53531 | Depths:4 | Learned a level 6 spell: Deflect Missiles
 53537 | Depths:4 | Learned a level 5 spell: Aura of Abjuration
 53597 | Depths:5 | Found a runed translucent gate.
 53597 | Depths:5 | Found a runed translucent gate.
 53616 | Depths:5 | Reached skill level 7 in Spellcasting
 53721 | Depths:5 | Reached skill level 8 in Transmutations
 53927 | Depths:5 | Noticed a juggernaut
 53936 | Depths:5 | Killed a juggernaut
 54071 | Depths:5 | Reached skill level 10 in Necromancy
 54182 | Depths:5 | Found an opulent altar of Gozag.
 54182 | Depths:5 | Found Omnaevac's Assorted Antiques.
 54183 | Depths:5 | Noticed Aladinah's ghost (adept GnTm)
 54252 | Depths:5 | Found a gate to the Realm of Zot.
 54609 | Vaults:4 | You fall into a shaft and drop 1 floor!
 54609 | Vaults:5 | Entered Level 5 of the Vaults
 54699 | Vaults:5 | Reached skill level 8 in Spellcasting
 54748 | Vaults:5 | Reached skill level 9 in Transmutations
 54769 | Vaults:5 | Reached skill level 20 in Armour
 54785 | Vaults:5 | Reached XP level 25. HP: 254/254 MP: 0/2
 54864 | Vaults:5 | Reached skill level 11 in Necromancy
 55050 | Vaults:5 | Reached skill level 9 in Spellcasting
 55096 | Vaults:5 | Reached skill level 10 in Transmutations
 55136 | Vaults:5 | Identified Asmodeus's Reference Book on the Creative
                  | Volcanoes
 55269 | Vaults:5 | Noticed an ancient lich
 55277 | Vaults:5 | Killed an ancient lich
 55282 | Vaults:5 | Reached skill level 12 in Necromancy
 55297 | Vaults:5 | Identified the +0 shield "Coppuud" {rElec SInv}
 55483 | Vaults:5 | Reached skill level 10 in Spellcasting
 55578 | Vaults:5 | Reached skill level 1 in Translocations
 55730 | Vaults:5 | Reached skill level 2 in Translocations
 55799 | Vaults:5 | Reached skill level 11 in Transmutations
 55970 | Vaults:5 | Identified The Arcane Secrets of Thaumaturgy
 55972 | Vaults:5 | Identified the Tome of Congealing Darkness
 55993 | Vaults:5 | Identified the +8 flail of the Rattle-Snake {crush, Int+4
                  | Dex+4 Stlth-}
 55993 | Vaults:5 | Identified the +0 leather armour of Trumpets {rElec}
 55993 | Vaults:5 | Noticed Boris
 56006 | Vaults:5 | Killed Boris
 56016 | Vaults:5 | Identified the ring of Ruozom {MR+ rCorr}
 56048 | Vaults:5 | Got a silver rune of Zot
 56332 | Depths:4 | Voluntarily entered the Abyss.
 56395 | Abyss:1  | Found a corrupted altar of Lugonu.
 56578 | Abyss:2  | Reached skill level 13 in Necromancy
 56697 | Abyss:2  | Reached skill level 21 in Armour
 56865 | Depths:4 | Escaped the Abyss
 56868 | Depths:4 | Voluntarily entered the Abyss.
 56887 | Abyss:1  | Found a corrupted altar of Lugonu.
 57106 | Abyss:2  | Reached XP level 26. HP: 262/262 MP: 0/2
 57811 | Abyss:2  | Paralysed by accursed screaming for 1 turns
 58011 | Abyss:3  | Found a hide-covered altar of Uskayaw.
 58050 | Abyss:3  | Found a corrupted altar of Lugonu.
 58118 | Abyss:3  | Reached skill level 12 in Transmutations
 58186 | Abyss:3  | Reached skill level 14 in Necromancy
 58378 | Abyss:5  | Entered Level 5 of the Abyss
 58378 | Abyss:5  | Entered Level 5 of the Abyss
 58948 | Abyss:5  | Got an abyssal rune of Zot
 58956 | Abyss:5  | Reached skill level 15 in Necromancy
 58970 | Depths:4 | Escaped the Abyss
 59708 | Zot:1    | Entered Level 1 of the Realm of Zot
 59733 | Zot:1    | Reached skill level 11 in Spellcasting
 59988 | Zot:1    | Reached skill level 12 in Spellcasting
 60145 | Zot:1    | Reached XP level 27. HP: 271/271 MP: 0/4
 60187 | Zot:1    | Reached skill level 13 in Spellcasting
 60724 | Zot:2    | Found a runed translucent door.
 60727 | Zot:2    | Noticed nht's ghost (veteran MiHu)
 60728 | Zot:2    | Found the +7 mace of Variability {chain chaos}
 60753 | Zot:2    | Reached skill level 14 in Spellcasting
 60809 | Zot:2    | Killed nht's ghost
 61161 | Zot:2    | Reached skill level 15 in Spellcasting
 61682 | Zot:3    | You fall into a shaft and drop 1 floor!
 61869 | Zot:3    | Reached skill level 16 in Spellcasting
 62327 | Zot:4    | Reached skill level 17 in Spellcasting
 62580 | Zot:5    | Entered Level 5 of the Realm of Zot
 63393 | Slime:1  | Entered Level 1 of the Pits of Slime
 63400 | Slime:1  | Gained mutation: Armour fits poorly on your strangely
                  | shaped body. [a shining eye]
 63450 | Slime:2  | Reached skill level 18 in Spellcasting
 63464 | Slime:2  | Gained mutation: You are frail. (-10% HP) [a shining eye]
 63514 | Slime:3  | Gained mutation: You are very frail. (-20% HP) [a shining
                  | eye]
 63606 | Slime:5  | Entered Level 5 of the Pits of Slime
 63654 | Slime:4  | Gained mutation: You are extremely frail. (-30% HP) [a
                  | shining eye]
 63658 | Slime:4  | Gained mutation: You are very dopey. (Int -4) [a shining
                  | eye]
 63665 | Slime:5  | Gained mutation: You are weak. (Str -2) [a shining eye]
 63666 | Slime:5  | Gained mutation: Scrolls take you a little longer to read.
                  | [a shining eye]
 63686 | Slime:5  | Found a viscous altar of Jiyva.
 63687 | Slime:5  | Noticed the Royal Jelly
 63699 | Slime:5  | Killed the Royal Jelly
 63704 | Slime:5  | HP: 94/189 [acid blob[the Royal Jelly] (17)]
 63705 | Slime:5  | HP: 44/189 [acid blob/exploding inner flame[the player
                  | character] (20)]
 63708 | Slime:5  | HP: 20/189 [acid (3)]
 63708 | Slime:5  | Killed from afar by an acid blob

Vanquished Creatures
  the Royal Jelly (Slime:5)
  An ancient lich (Vaults:5)
  Mara (Vaults:2)
  2 juggernauts
  The ghost of nht the Hawkeye, a veteran MiHu of Okawaru (Zot:2)
  Boris (twice) (Depths:4 Vaults:5)
  A Killer Klown (Zot:2)
  A shard shrike (Zot:2)
  Saint Roka (Depths:4)
  A caustic shrike (Depths:3)
  Xtahua (Crypt:3)
  12 golden dragons
  A profane servitor (Abyss:3)
  3 bone dragons
  3 electric golems
  4 liches
  Rupert (Spider:1)
  3 Orb Guardians (Zot:5)
  14 tentacled monstrosities
  The ghost of Nar Nywk the Tortoise, an adept GrFi of Makhleb (Crypt:1)
  3 hellephants
  8 titans
  A kraken (Shoals:3)
  9 quicksilver dragons
  5 deep elf blademasters
  Polyphemus (Shoals:2)
  5 deep elf master archers (Elf:3)
  15 acid blobs
  9 death cobs
  2 ancient champions
  7 tentacled starspawn
  A thorn hunter (Abyss:5)
  10 sphinxes
  8 storm dragons
  Agnes (Vaults:2)
  7 draconian monks
  10 tengu reavers
  2 revenants (Crypt:3)
  A daeva (Abyss:5)
  12 azure jellies
  Donald (Spider:1)
  9 shadow dragons
  7 fire giants
  7 draconian scorchers
  15 vault wardens
  8 deep elf sorcerers
  4 emperor scorpions
  8 draconian knights
  Ilsuiw (Shoals:2)
  An orc warlord (Orc:1)
  3 iron dragons
  Aizul (Spider:1)
  7 ghost moths
  6 frost giants
  4 draconian shifters
  8 ghouls (Crypt:2)
  A deep elf elementalist (Vaults:5)
  An angel (Abyss:3)
  Louise (D:14)
  4 war gargoyles (Vaults:5)
  A reaper (Crypt:2)
  18 ironheart preservers
  3 draconian annihilators (Zot:1)
  2 spriggan defenders (Depths:4)
  5 draconian stormcallers
  10 entropy weavers
  2 curse skulls
  20 very ugly things
  10 green draconians
  26 stone giants
  An ophan (Abyss:5)
  2 lorocyprocas
  5 red draconians
  2 dire elephants (Abyss:5)
  2 vampire knights
  11 white draconians
  10 black draconians
  12 yellow draconians
  10 deep elf annihilators
  The ghost of Duod the Severer, a journeyman MiBe of Trog (Lair:3)
  7 deep elf demonologists
  6 spark wasps
  15 purple draconians
  11 eidola
  3 merfolk javelineers
  6 merfolk impalers
  An ettin (shapeshifter) (Vaults:2)
  12 ettins
  6 deep elf death magi
  9 death oozes
  Josephine (D:11)
  A spectral golden dragon (Crypt:3)
  A green death (Abyss:5)
  4 spectral quicksilver dragons (Crypt:3)
  12 great orbs of eyes
  7 jiangshi
  9 rakshasas
  3 deep elf high priests
  6 ice dragons
  24 yaktaur captains
  17 hydras
  11 fire dragons
  4 spriggan air magi
  31 vault guards
  A hell beast (Depths:2)
  14 ogre magi
  3 merfolk avatars
  7 catoblepae
  3 merfolk aquamancers
  2 satyrs
  A spectral fire giant (Crypt:3)
  2 spectral stone giants (Crypt:3)
  4 death knights
  25 dancing weapons
  Erica (D:8)
  17 death yaks
  11 centaur warriors
  6 tengu warriors
  5 deep troll shamans
  36 two-headed ogres
  A queen ant (Spider:2)
  3 orc high priests (Orc:2)
  4 vampire magi
  8 deep troll earth magi
  17 thrashing horrors
  4 hell hogs (Abyss:5)
  3 spectral storm dragons (Crypt:3)
  2 spriggan berserkers
  5 soul eaters
  4 sun demons
  Nergalle (Lair:1)
  25 small abominations
  5 hell knights
  A titan skeleton (Crypt:1)
  9 wretched stars
  26 skeletal warriors
  14 deep elf knights
  4 shadow wraiths
  A spectral catoblepas (Crypt:3)
  4 spatial maelstroms
  A spectral ghost moth (Crypt:3)
  3 sixfirhies
  4 iron trolls
  3 glowing orange brains
  A spectral anaconda (Crypt:3)
  8 sea snakes
  A death drake (shapeshifter) (Depths:5)
  2 storm dragon skeletons
  7 wizards
  A ghost moth zombie (Crypt:3)
  9 unseen horrors
  A deep troll (shapeshifter) (Depths:2)
  39 starcursed masses
  A shadow demon (Abyss:5)
  11 deep elf archers
  12 harpies
  24 deep trolls
  12 flayed ghosts
  2 glowing orange brains (shapeshifter)
  An obsidian statue (Depths:2)
  10 phantasmal warriors
  An iron dragon zombie (Crypt:2)
  15 orc knights
  A lindwurm (Lair:4)
  A harpy (shapeshifter) (Elf:2)
  11 ironbrand convokers
  6 necromancers
  10 orb spiders
  59 deep elf magi
  38 wolf spiders
  5 worldbinders
  10 orc sorcerers
  2 frost giant zombies
  19 cyclopes
  21 manticores
  14 fauns
  A stone giant zombie (Vaults:4)
  A cyclops (shapeshifter) (D:15)
  7 shining eyes
  34 ugly things
  A salamander (shapeshifter) (Vaults:1)
  A fire giant skeleton (Vaults:4)
  Maurice (D:8)
  A salamander (Depths:4)
  7 elephants
  9 vault sentinels
  20 moths of wrath
  A water nymph (shapeshifter) (Vaults:4)
  A sphinx skeleton (Vaults:3)
  3 black mambas
  4 water nymphs
  A manticore (shapeshifter) (Vaults:5)
  2 titan simulacra
  A guardian serpent (shapeshifter) (Vaults:4)
  3 torpor snails
  An apocalypse crab (Abyss:5)
  4 smoke demons
  13 merfolk sirens
  4 spiny frogs
  A rust devil (Depths:2)
  An orange demon (Abyss:2)
  70 yaktaurs
  A yaktaur zombie (Vaults:3)
  A kobold demonologist (Abyss:2)
  A rime drake (Lair:4)
  3 demonic crawlers (Spider:2)
  2 gargoyles
  An alligator snapping turtle skeleton (Crypt:2)
  4 efreet
  A minotaur zombie (Abyss:5)
  A grey draconian skeleton (Crypt:1)
  3 ice devils
  A tormentor (Abyss:2)
  24 freezing wraiths
  8 komodo dragons
  A queen bee (D:10)
  A yaktaur (shapeshifter) (Depths:1)
  A redback zombie (D:14)
  A white draconian skeleton (Crypt:3)
  A spectral merfolk (Crypt:3)
  A hellwing (Abyss:2)
  4 guardian mummies (Crypt:1)
  A tengu conjurer (Depths:4)
  A red devil (Depths:2)
  A spectral harpy (Crypt:3)
  8 ancient zymes
  10 trolls
  30 jumping spiders
  A hornet (shapeshifter) (D:15)
  An iron troll skeleton (Crypt:2)
  29 merfolk
  14 polar bears
  A polar bear (shapeshifter) (Vaults:4)
  The ghost of emperorscorpion the Cudgeler, an amateur DsBe of Trog (D:8)
  14 hornets
  72 slime creatures
  26 raiju
  8 wind drakes
  An alligator zombie (Crypt:3)
  An ice dragon zombie (Crypt:3)
  A spectral manticore (Crypt:3)
  A spectral swamp dragon (Crypt:3)
  A blink frog (shapeshifter) (D:15)
  9 hippogriffs
  9 snapping turtles
  15 dream sheep
  22 blink frogs
  4 bog bodies (Crypt:2)
  A meliai zombie (D:13)
  A death drake skeleton (Crypt:2)
  A spectral black mamba (Crypt:3)
  A stone giant simulacrum (Crypt:3)
  3 human simulacra
  A frost giant simulacrum (Crypt:3)
  A vampire (D:13)
  47 redbacks
  A satyr skeleton (Crypt:2)
  2 shadows
  24 water elementals
  An air elemental (Elf:1)
  7 ynoxinuls
  A spriggan (Depths:2)
  37 tarantellas
  75 yaks
  A wyvern (Lair:1)
  4 fire bats (Abyss:2)
  3 fire elementals
  2 golden eyes (Slime:3)
  A hungry ghost (Abyss:2)
  2 neqoxecs (Abyss:5)
  15 wraiths
  A golden eye (shapeshifter) (D:15)
  A human (Spider:4)
  3 vampire mosquitoes
  5 chaos spawn
  6 basilisks
  4 spatial vortices (Abyss:2)
  4 wargs
  An insubstantial wisp (Abyss:2)
  A harpy simulacrum (Crypt:3)
  A faun zombie (Crypt:1)
  A naga (shapeshifter) (Vaults:2)
  A spectral spiny frog (Crypt:3)
  24 soldier ants (Spider:2)
  23 large abominations
  2 acid dragons
  A naga (Depths:4)
  Edmund (D:4)
  A deep troll zombie (Vaults:4)
  9 water moccasins
  A monstrous demonspawn skeleton (Crypt:1)
  2 hydra simulacra (Zot:2)
  3 floating eyes (shapeshifter)
  2 porcupines
  2 deep troll skeletons
  2 hell hounds (Depths:2)
  A floating eye (Depths:3)
  4 phantoms
  2 sky beasts
  A hornet zombie (D:15)
  7 eyes of draining
  36 orc warriors
  17 black bears
  An elf zombie (Vaults:3)
  An ettin simulacrum (Crypt:3)
  6 ice beasts
  2 necrophages
  A manticore zombie (Crypt:2)
  43 ogres
  3 wolves (Lair:6)
  14 boggarts
  An elf skeleton (Vaults:4)
  14 centaurs
  2 human skeletons (Vaults:3)
  8 crocodiles
  2 big kobolds
  14 bullfrogs
  2 earth elementals
  8 gnoll sergeants (Bailey)
  A deep troll simulacrum (Vaults:1)
  A spiny frog simulacrum (Crypt:3)
  An ogre simulacrum (Vaults:1)
  2 wyvern skeletons
  4 scorpions
  A spectral ogre (Crypt:3)
  20 killer bees
  2 electric eels
  12 wights
  8 howler monkeys
  16 crimson imps
  2 centaur zombies
  A lava snake (D:15)
  6 quasits
  8 hounds
  6 jellies
  5 bullfrog skeletons
  2 bullfrog zombies
  20 orc wizards
  14 orc priests
  5 centaur skeletons
  5 iguanas
  4 iron imps
  6 gnoll shamans (Bailey)
  Ijyb (D:4)
  24 worker ants
  A deep dwarf zombie (Crypt:3)
  3 hound skeletons
  4 mummies (Crypt:1)
  14 gnolls (Bailey)
  A howler monkey skeleton (D:7)
  23 adders
  6 shadow imps
  5 white imps
  An ufetubus (Abyss:3)
  2 adder zombies
  2 adder skeletons
  2 worms
  2 dart slugs (D:3)
  6 leopard geckos
  96 orcs
  6 bats
  A bat skeleton (Crypt:3)
  8 giant cockroaches
  A gnoll zombie (Crypt:2)
  5 goblins
  8 hobgoblins
  2 jackals (D:8)
  3 quokkas
  6 frilled lizards
  20 kobolds
  2 kobold skeletons
  A leopard gecko zombie (Crypt:1)
  2 quokka skeletons (D:7)
  A quokka zombie (Crypt:1)
  9 rats
  2 briar patches (Abyss:5)
  A crawling corpse (Vaults:3)
  A fire vortex (D:15)
  10 fungi
  26 plants
  13 starspawn tentacles
  3 tentacles (Shoals:3)
2810 creatures vanquished.

Vanquished Creatures (collateral kills)
  An ancient lich (Crypt:1)
  Arachne (Spider:2)
  A vault warden (Vaults:2)
  A stone giant (Crypt:1)
  A spark wasp (Spider:2)
  A death knight (Vaults:2)
  A great orb of eyes (Vaults:2)
  A vault guard (Vaults:5)
  A two-headed ogre (Crypt:1)
  An ironbrand convoker (Vaults:5)
  A manticore (Shoals:4)
  A cyclops (Elf:1)
  4 yaktaurs
  2 merfolk (Shoals:4)
  A jumping spider (Spider:2)
  A water elemental (Shoals:4)
  2 ogres
  An orc (Vaults:2)
23 creatures vanquished.

Vanquished Creatures (others)
  A deep elf master archer (Elf:3)
  A deep elf sorcerer (Abyss:2)
  A draconian shifter (Zot:2)
  Nessos (D:12)
  A red draconian (Zot:2)
  A death yak (Lair:6)
  A centaur warrior (D:15)
  A satyr (Shoals:4)
  An orc knight (Orc:2)
  A deep elf mage (Elf:1)
  An elephant (Lair:2)
  A vault sentinel (Vaults:3)
  A spiny frog (Lair:3)
  A rime drake (Lair:4)
  A yaktaur (Vaults:2)
  A jumping spider (Spider:4)
  A troll (Orc:2)
  A dream sheep (Shoals:4)
  A slime creature (Lair:5)
  3 blink frogs
  2 hippogriffs
  An air elemental (Abyss:5)
  A water elemental (Shoals:4)
  A chaos spawn (Abyss:5)
  3 yaks (Lair:6)
  A water moccasin (Lair:1)
  6 orc warriors
  A worker ant (Spider:2)
  A shadow imp (Abyss:2)
  3 briar patches (Abyss:5)
  10 bushes
  15 fungi
  A lurking horror (Abyss:5)
  25 plants
  9 starspawn tentacles
  5 tentacles (Shoals:3)
107 creatures vanquished.

Grand Total: 2940 creatures vanquished

Table legend:
 A = Turns spent in this place as a percentage of turns spent in the entire game.
 B = Non-inter-level travel turns spent in this place as a percentage of non-inter-level travel turns spent in the entire game.
 C = Inter-level travel turns spent in this place as a percentage of turns spent in this place.
 D = Turns resting spent in this place as a percentage of non-inter-level travel turns spent in this place.
 E = Turns spent auto-exploring this place as a percentage of non-inter-level travel turns spent in this place.
 F = Non-inter-level travel turns spent in this place divided by the number of levels of this place that you've seen.
                   A       B       C       D       E      F
               +-------+-------+-------+-------+-------+----------------------
         Total | 100.0 | 100.0 |  11.1 |   8.9 |  63.3 | 871.5
       Dungeon |  25.4 |  23.0 |  19.4 |  10.9 |  65.0 | 868.6
          Lair |  14.1 |  14.3 |   9.3 |   4.2 |  79.4 | 1354.0
        Shoals |   5.1 |   5.3 |   6.6 |   6.2 |  64.3 | 752.0
   Spider Nest |   9.5 |   9.7 |   8.7 |  20.2 |  52.9 | 1379.0
    Slime Pits |   0.5 |   0.6 |   0.0 |   5.7 |   7.6 |  63.0
  Orcish Mines |   3.5 |   3.3 |  15.9 |   6.5 |  68.5 | 941.5
   Elven Halls |   4.7 |   5.0 |   4.7 |   5.6 |  58.7 | 946.7
        Vaults |  13.6 |  14.0 |   8.9 |  18.9 |  52.4 | 1581.4
         Crypt |   4.7 |   4.8 |   8.8 |   1.4 |  61.3 | 915.3
        Depths |   9.0 |   9.1 |  10.7 |   3.1 |  68.2 | 1027.8
           Zot |   5.2 |   5.5 |   5.9 |   0.4 |  69.9 | 622.4
         Abyss |   4.1 |   4.7 |   0.0 |   0.0 |  54.3 | 376.4
        Bailey |   0.6 |   0.7 |   0.0 |   0.0 |  50.6 | 395.0
               +-------+-------+-------+-------+-------+----------------------
